Map: Lightshade LE

Players

Thor - Winner!

  • Race: Terran Terran
  • League: Master
  • Spawn Location: 11:00

Ryan

  • Race: Protoss Protoss
  • League: Master
  • Spawn Location: 5:00

VOD

Have the link to the VOD?

Description

Time

  • Played on: Jan. 31, 2021, 9:25 p.m.
  • Length: 6:58
Show
View Real Time Build Order
Export as new Build Order

Thor Terran - Winner!

Build Orders:  

Get SALT Encoding   

  12  0:00  SCV  
  13  0:12  SCV  
  14  0:17  Supply Depot  
  14  0:24  SCV  
  15  0:38  SCV  
  15  0:40  Barracks  
  16  0:44  Refinery  
  16  0:50  SCV  
  17  1:02  SCV  
  18  1:15  SCV  
  19  1:29  Marine  
  19  1:30  Orbital Command  
  20  1:39  Command Center  
  20  1:47  Barracks Tech Lab  
  20  1:51  Supply Depot  
  20  1:55  SCV  
  21  2:06  Concussive Shells, Marauder  
  23  2:13  SCV  
  24  2:16  Barracks  
  24  2:25  SCV  
  24  2:28  Marauder  
  24  2:29  Refinery  
  27  2:37  SCV  
  28  2:49  SCV  
  28  2:50  Marine  
  28  2:51  Orbital Command  
  30  2:52  Stimpack  
  30  3:01  SCV  
  30  3:03  Barracks Tech Lab  
  30  3:04  Barracks  
  31  3:08  Marine  
  32  3:13  Engineering Bay, SCV  
  33  3:21  SCV  
  33  3:26  Marauder  
  36  3:39  SCV  
  37  3:45  SCV, Marine  
  37  3:46  Combat Shield  
  37  3:47  Terran Infantry Weapons Level 1, Marine  
  35  3:51  SCV  
  35  3:53  Barracks Reactor  
  36  3:57  SCV  
  36  3:59  Factory  
  36  4:02  Supply Depot  
  37  4:04  SCV  
  37  4:06  Marine x2  
  37  4:09  SCV  
  41  4:16  SCV, Supply Depot  
  42  4:21  SCV  
  43  4:25  Marauder x2  
  43  4:28  SCV  
  43  4:31  Marine x2  
  48  4:33  SCV  
  48  4:38  Supply Depot  
  51  4:40  SCV  
  51  4:44  Starport  
  52  4:45  SCV  
  52  4:46  Marauder x2  
  52  4:49  Factory Reactor  
  52  4:52  SCV, Marine x2  
  60  4:53  Supply Depot  
  60  4:57  SCV  
  61  5:04  SCV, Supply Depot  
  62  5:07  Marauder  
  62  5:08  Marauder  
  62  5:10  SCV, Marine x2  
  69  5:17  SCV, Supply Depot  
  69  5:19  Refinery  
  70  5:25  SCV  
  70  5:28  Marine x3  
  72  5:29  Marauder  
  72  5:33  SCV  
  77  5:37  SCV  
  77  5:40  Supply Depot  
  77  5:43  Command Center  
  77  5:44  Medivac x2  
  80  5:51  SCV  
  80  5:53  SCV  
  80  5:54  Refinery  
  82  5:59  Marine  
  82  6:00  Marine, Marauder  
  82  6:03  SCV  
  87  6:05  Marine  
  87  6:11  SCV  
  89  6:15  SCV  
  89  6:17  Marine, Medivac  
  93  6:22  Marauder  
  93  6:23  SCV  
  93  6:24  Marauder  
  98  6:27  SCV, Supply Depot  
  98  6:30  Marine  
  102  6:41  SCV  
Show
View Real Time Build Order
Export as new Build Order

Ryan Protoss 

Build Orders: 1 Gate Expand, Blink Stalkers 

Get SALT Encoding   

  12  0:00  Probe  
  13  0:12  Probe  
  14  0:18  Pylon  
  14  0:24  Probe  
  15  0:37  Probe (Chrono Boost), Gateway  
  16  0:47  Probe (Chrono Boost), Assimilator  
  17  0:52  Probe (Chrono Boost)  
  18  1:03  Probe  
  19  1:15  Probe  
  20  1:26  Cybernetics Core  
  20  1:37  Nexus  
  20  1:41  Pylon  
  20  1:42  Probe  
  20  1:46  Assimilator  
  21  1:55  Probe  
  21  2:00  Adept (Chrono Boost)  
  22  2:03  Warp Gate  
  22  2:07  Probe  
  25  2:20  Probe  
  26  2:24  Twilight Council  
  26  2:32  Probe  
  26  2:33  Stalker (Chrono Boost)  
  29  2:40  Gateway  
  30  2:47  Probe (Chrono Boost)  
  30  2:49  Probe (Chrono Boost)  
  33  2:58  Probe (Chrono Boost), Blink (Chrono Boost)  
  33  3:00  Probe (Chrono Boost)  
  33  3:03  Probe (Chrono Boost)  
  34  3:08  Probe  
  35  3:15  Probe  
  36  3:20  Probe  
  36  3:21  Robotics Facility  
  36  3:23  Shield Battery  
  37  3:27  Probe  
  37  3:32  Probe  
  39  3:39  Probe  
  38  3:44  Probe  
  37  3:51  Probe, Stalker, Sentry  
  42  3:56  Probe  
  42  3:57  Pylon  
  43  4:03  Probe  
  43  4:08  Probe  
  43  4:09  Observer (Chrono Boost)  
  46  4:15  Stalker  
  46  4:16  Probe  
  49  4:18  Assimilator  
  49  4:19  Stalker  
  49  4:21  Probe  
  49  4:23  Pylon  
  52  4:28  Probe  
  53  4:36  Nexus, Pylon  
  53  4:41  Stalker  
  53  4:43  Observer  
  56  4:49  Stalker  
  56  4:50  Observer  
  56  4:51  Probe x2  
  60  4:57  Shield Battery  
  60  5:03  Probe x2, Pylon  
  60  5:05  Stalker  
  64  5:12  Stalker  
  66  5:15  Probe x2  
  66  5:17  Charge  
  66  5:19  Forge  
  68  5:25  Gateway  
  68  5:28  Probe  
  68  5:29  Probe  
  68  5:31  Gateway  
  70  5:38  Immortal (Chrono Boost)  
  74  5:44  Sentry  
  70  5:50  Stalker  
  72  6:01  Gateway  
  72  6:02  Gateway  
  72  6:05  Gateway  
  72  6:09  Gateway  
  76  6:11  Immortal  
  76  6:12  Probe (Chrono Boost)  
  76  6:13  Probe (Chrono Boost)  
  76  6:14  Probe (Chrono Boost)  
  79  6:23  Probe x2 (Chrono Boost)  
  79  6:24  Probe (Chrono Boost)  
  82  6:26  Stalker  
  82  6:27  Stalker  
  82  6:28  Probe x2 (Chrono Boost)  
  82  6:29  Probe (Chrono Boost)  
  89  6:35  Stalker  
  89  6:45  Stalker  
  72  6:50  Stalker  
  72  6:51  Stalker  
Tags
 
Add a new tag
Caveats
  • Supply blocks, unpowered buildings, or Contaminate may cause inaccurate times.
  • Supply counts are checked every 10 seconds.